AoeStats
← Caronte

Nomad

503490750Analyzed
4v4 RM · 1mo ago on Aug 31, 2026· 51m 24s· 8 players
Game mode
Random Map
Map size
231×231
Population
200
Speed
Normal
Resources
Standard
Victory
Conquest
Starting age
Dark Age
Ending age
Imperial Age
RankedLock teamsTeams togetherTeam positionsShared explorationLock speedFull tech treeHidden civsTurbo modeCheats
Victory
Defeat
🇲🇽 Malay · Mexico
944
+11
🇨🇦 Lithuanians · Canada
826
+17
🇪🇸 Saracens · Spain
808
+18
🇨🇱 Mapuche · Chile
773
+19
🇦🇷 Goths · Argentina
895
-19
🇦🇷 Ethiopians · Argentina
858
-17
🇹🇷 Spanish · Türkiye
808
-15
🇫🇷 Teutons · France
804
-14
Wondermaker
10:18 Loom
13:51 Feudal Age
15:08 Double-Bit Axe
19:37 Bloodlines
23:52 Castle Age
22:23 Gold Mining
22:25 Stone Mining
22:23 Horse Collar
24:25 Forging
24:25 Scale Barding Armor
26:06 Heavy Plow
26:21 Bow Saw
32:17 Iron Casting
31:47 Husbandry
32:08 Heavy Plow
32:46 Stone Shaft Mining
33:21 Chain Barding Armor
45:03 Imperial Age
43:12 Wheelbarrow
45:11 Cavalier
46:31 Plate Barding Armor
47:22 Paladin
48:37 Conscription
DSLG | el_manco
3:02 Loom
14:04 Feudal Age
20:08 Double-Bit Axe
23:33 Castle Age
21:49 Gold Mining
22:48 Forging
22:56 Demolition Ship
25:38 Medium Warships
26:02 Fishing Lines
29:02 Gold Shaft Mining
35:00 Husbandry
40:21 Imperial Age
38:41 Stone Mining
41:31 Wheelbarrow
41:40 Heavy Warships
44:34 Hand Cart
46:34 Iron Casting
46:06 Scale Barding Armor
48:32 Bow Saw
48:06 Horse Collar
48:57 Elite Battle Elephant
CP_Hispano
9:20 Loom
16:51 Feudal Age
19:38 Double-Bit Axe
28:06 Castle Age
26:42 Wheelbarrow
28:00 Fishing Lines
28:42 Scale Barding Armor
32:10 Bow Saw
31:53 Gold Mining
32:48 Forging
34:06 Horse Collar
36:36 Hand Cart
36:07 Town Watch
37:02 Bloodlines
37:57 Caravan
39:41 Chain Barding Armor
41:18 Gold Shaft Mining
41:27 Husbandry
41:38 Thumb Ring
43:38 Town Patrol
44:20 Padded Archer Armor
43:47 Elite Skirmisher
47:25 Gillnets
51:26 Imperial Age
49:48 Light Cavalry
51:12 Iron Casting
50:53 Leather Archer Armor
Torilas
7:35 Loom
14:20 Feudal Age
29:00 Fletching
34:47 Champi Runner
35:33 Loom
42:28 Castle Age
41:06 Wheelbarrow
41:34 Forging
41:25 Scale Mail Armor
41:41 Horse Collar
41:47 Double-Bit Axe
44:56 Champi Warrior
46:18 Iron Casting
45:59 Chain Mail Armor
45:40 Bodkin Arrow
49:08 Hand Cart
49:17 Bow Saw
49:40 Gold Mining
51:04 Heavy Plow
53:52 Imperial Age
sergent_tiger
7:00 Loom
18:43 Feudal Age
19:33 Town Watch
26:21 Castle Age
27:19 Fletching
29:54 Medium Warships
31:45 Fervor
31:43 Scale Barding Armor
31:49 Forging
31:40 Scale Mail Armor
31:48 Fishing Lines
33:21 Gold Mining
33:27 Double-Bit Axe
37:47 Gambesons
38:25 Gillnets
39:46 Bloodlines
40:28 Bodkin Arrow
40:06 Demolition Ship
46:17 Pikeman
47:14 Chain Mail Armor
47:34 Iron Casting
47:06 Squires
48:21 Chain Barding Armor
51:08 Imperial Age
49:54 Arson
Morias1stt
11:22 Loom
19:21 Feudal Age
19:51 Double-Bit Axe
24:38 Castle Age
22:27 Fishing Lines
24:14 Forging
24:10 Scale Barding Armor
26:50 Medium Warships
26:42 Padded Archer Armor
36:37 Imperial Age
37:21 Murder Holes
37:47 Ballistics
38:28 Chemistry
38:50 Conscription
40:04 Town Watch
43:52 Wheelbarrow
43:23 Elite Conquistador
48:28 Supremacy
K.27
7:38 Loom
15:31 Feudal Age
21:01 Man-at-Arms
Caronte
13:05 Feudal Age
14:36 Wheelbarrow
14:57 Fishing Lines
21:20 Castle Age
20:04 Gold Mining
21:30 Demolition Ship
22:22 Double-Bit Axe
23:22 Medium Warships
24:36 Gillnets
24:51 Stone Mining
26:36 Man-at-Arms
27:17 Squires
27:50 Town Watch
28:21 Hand Cart
30:42 Stone Shaft Mining
32:16 Hand Cart
41:11 Scale Mail Armor
Connection lost

Rejoining the realm…

Still unreachable

The connection could not be restored.

Session expired

The server has moved on; the page needs a fresh start.